 Dungeon Crawl Stone Soup version 0.29-a0-555-g3b24f45cc1 (webtiles) character file.

Game seed: 12365789659440484564

98 grumblor the Skirmisher (level 4, 0/24 HPs)
             Began as a Vine Stalker Fighter on June 7, 2022.
             Slain by Grinder (2 damage)
             ... on level 3 of the Dungeon.
             The game lasted 00:05:49 (1492 turns).

grumblor the Skirmisher (Vine Stalker Fighter)      Turns: 1492, Time: 00:05:50

Health: 0/24       AC:  6    Str: 20    XL:     4   Next: 71%
Magic:  0/5        EV:  9    Int:  8    God:
Gold:   71         SH:  5    Dex: 14    Spells: 3/3 levels left

rFire   . . .      SeeInvis .   a - +0 war axe
rCold   . . .      Faith    .   c - +1 buckler
rNeg    . . .      Spirit   +   b - +0 scale mail
rPois   +          Reflect  .   (no helmet)
rElec   .          Harm     .   (no cloak)
rCorr   .          Rampage  .   (no gloves)
Will    .....                   (no boots)
Stlth   ..........              (no amulet)
HPRegen 0.88/turn               k - ring of poison resistance
MPRegen 0.09/turn               (no ring)

@: no status effects
A: fangs 2, regeneration 1, magic shield, antimagic bite, no potion heal 2
a: no special abilities


You were on level 3 of the Dungeon.
You visited 1 branch of the dungeon, and saw 3 of its levels.

You collected 71 gold pieces.

Inventory:

Hand Weapons
 a - a +0 war axe (weapon)
Missiles
 e - 3 boomerangs (quivered)
Armour
 b - a +0 scale mail (worn)
 c - a +1 buckler (worn)
Jewellery
 k - a ring of poison resistance (left hand)
Potions
 d - 3 potions of might
 f - a potion of degeneration
 g - a potion of heal wounds {unknown}
 h - a potion of curing {unknown}
 i - a potion of magic
 j - a potion of haste {unknown}
 m - a potion of mutation {unknown}
 n - a potion of flight {unknown}


   Skills:
 * Level 3.3 Fighting
 + Level 2.7 Axes
 + Level 2.9 Armour
 * Level 1.1 Dodging
 + Level 2.8 Shields


You had 3 spell levels left.
You didn't know any spells.
Your spell library contained the following spells:

 Spells                   Type           Power      Damage    Failure   Level
 Foxfire                  Conj/Fire      0%         2x1d4     86%         1
 Poisonous Vapours        Pois/Air       0%         N/A       94%         2
 Conjure Flame            Conj/Fire      0%         6-21      99%         3
 Inner Flame              Hex/Fire       0%         N/A       99%         3
 Ozocubu's Armour         Ice            0%         N/A       99%         3
 Corpse Rot               Necr/Pois/Air  0%         N/A       100%        4
 Flame Wave               Conj/Fire      0%         2d4       100%        4
 Metabolic Englaciation   Hex/Ice        0%         N/A       100%        5
 Simulacrum               Ice/Necr       0%         N/A       100%        6


Dungeon Overview and Level Annotations

Branches:
Dungeon (3/15)

Altars:

Shops:
D:2 =

Annotations:
D:3 Grinder


Innate Abilities, Weirdness & Mutations

You have extremely sharp teeth.
Your natural rate of healing is unusually fast.
When hurt, damage is shared between your health and your magic reserves.
Your bite disrupts and absorbs the magic of your enemies.
Potions cannot restore your health.


Message History

Your bite misses Grinder.
Grinder is severely wounded.
Grinder falters for a moment.
Unknown command.
You closely miss Grinder. You bite Grinder, but do no damage.
Grinder is severely wounded.
Grinder falters for a moment. x2
You closely miss Grinder.
Grinder is severely wounded.
Grinder barely misses you.
Grinder falters for a moment.
The orc hits you but does no damage.
You closely miss the goblin. You bite the goblin. You drain its power.
The goblin is severely wounded.
You hit the orc but do no damage. You hit Grinder.
The goblin closely misses you. The orc hits you but does no damage.
Grinder gestures at you.
You suddenly lose the ability to move!
Grinder falters for a moment.
The goblin hits you but does no damage. The orc barely misses you.
Grinder gestures at you.
You shrug off the repeated paralysis!
The goblin hits you with a +0 club. The orc hits you but does no damage.
The goblin hits you but does no damage. Grinder hits you!
You writhe in agony.
The orc hits you but does no damage. Grinder hits you!
* * * LOW HITPOINT WARNING * * *
You writhe in agony.
* * * LOW HITPOINT WARNING * * *
The goblin hits you with a +0 club.
* * * LOW HITPOINT WARNING * * *
The orc hits you but does no damage.
You can move again.
Unknown command.
Unknown command.
Unknown command.
Unknown command.
You miss the goblin. Your bite misses the goblin.
The goblin is severely wounded.
You hit the orc. You barely miss Grinder.
The goblin hits you but does no damage. Grinder hits you.
You die...

,*,,***,**,*,,,,,**,*,*,*
≈,,,,,,,,.....,..#*,*.#,*
≈,,,,,*,*#........,,#.#,*
≈,,,*,*,*#........,...#.*
,,,,*,*,*#.....#.#*.....*
,,,,*,*,*#.....#.##...#.*
,,,,,,,,,...............**
..,.....,.......g.......,*
...............o@5......,*
..#<..#..#..#.....>..##.**
..#...#..#..#.#..##.##*,*
......#..#..#.#..##.# *,*
............#.#..##.# *,*
#.#..............##.# *,*
..<.................######
....†....................#
.........##.....###.######


You could see Grinder (magic disrupted), an orc and a goblin.

Vanquished Creatures
  A hound (D:2)
  An adder (D:2)
  4 dart slugs
  5 endoplasms
  2 giant cockroaches
  2 goblins (D:1)
  6 hobgoblins
  7 jackals (D:1)
  2 kobolds
  A quokka (D:1)
  4 ball pythons (D:1)
  4 bats
  8 frilled lizards
  A rat (D:2)
48 creatures vanquished.

Notes
Turn   | Place    | Note
-------+----------+-------------------------------------------
     0 | D:1      | grumblor the Vine Stalker Fighter began the quest for the
                  | Orb.
     0 | D:1      | Reached XP level 1. HP: 11/11 MP: 2/2
     2 | D:1      | Found a faded altar of an unknown god.
   150 | D:1      | Reached XP level 2. HP: 11/16 MP: 1/3
   260 | D:1      | Reached skill level 3 in Fighting
   287 | D:1      | Reached XP level 3. HP: 10/20 MP: 2/4
   937 | D:2      | Gained mutation: Your natural rate of healing is unusually
                  | fast. [Vine Stalker growth]
   937 | D:2      | Reached XP level 4. HP: 5/24 MP: 3/5
  1088 | D:2      | Found Zuefoh's Jewellery Shoppe.
  1203 | D:2      | Reached skill level 1 in Dodging
  1465 | D:3      | Noticed Grinder
  1467 | D:3      | Paralysed by Grinder for 5 turns
  1488 | D:3      | Paralysed by Grinder for 4 turns
  1491 | D:3      | HP: 1/24 [goblin/+0 club (1)]
  1492 | D:3      | Slain by Grinder

Illustrated notes

Levels and vault maps discovered:
D:1:      ebering_trefoil_twist, layout_rooms,
          hellmonk_ecumenical_altar_pennies_from_heaven
D:2:      layout_rooms, serial_shops, shop, hangedman_decor_growths,
          chequers_serial_rivers_micro_a, kennysheep_pointless_box,
          minmay_lizard_pond
D:3:      layout_basic, kennysheep_ying_yang, vehumet_crystals,
          chequers_serial_rivers_small_b, uniq_grinder

Skill      XL: |  1  2  3  4 |
---------------+-------------+-----
Fighting       | 3 |  3.3
Axes           | 2 |  2.7
Dodging        | 1 |  1.1
Armour         | |  2.9
Shields        | |  2.8

Action                   |  1- 3 |  4- 6 || total
-------------------------+-------+-------++-------
Melee: War axe           |    84 |    28 ||   112
       Bite              |    15 |    10 ||    25
Throw: Boomerang         |       |     2 ||     2
  Use: Scroll            |     3 |     3 ||     6
Armor: Scale mail        |    54 |    17 ||    71
Dodge: Dodged            |    51 |     8 ||    59
Block: Buckler           |    12 |     2 ||    14

Table legend: (Time is in decaauts)
 A = Elapsed time spent in this place.
 B = Non-inter-level travel time spent in this place.
 C = Inter-level travel time spent in this place.
 D = Time resting spent in this place.
 E = Time spent auto-exploring this place.
 F = Levels seen in this place.
 G = Mean time per level.
                   A        B        C        D        E       F      G
               +--------+--------+--------+--------+--------+-----+--------+
         Total |   1546 |   1486 |     60 |      3 |   1128 |   3 |  515.3 |
       Dungeon |   1546 |   1486 |     60 |      3 |   1128 |   3 |  515.3 |
               +--------+--------+--------+--------+--------+-----+--------+

Top non-repeatable levels by time:
     D:1: 878 daAuts
     D:2: 588 daAuts
     D:3: 78 daAuts
